 Dungeon Crawl Stone Soup version 0.27.0-1-g7a089689b8 (webtiles) character file.

Game seed: 13751036053086383146

298 Brandom the Ducker (level 4, -5/31 (34) HPs)
             Began as a Djinni Air Elementalist on July 31, 2021.
             Was a High Priest of Ru.
             Killed by nerve-wracking pain
             ... invoked by Menkaure
              (11 damage)
             ... on level 4 of the Dungeon.
             The game lasted 00:18:20 (8029 turns).

Brandom the Ducker (Djinni Air Elementalist)        Turns: 8029, Time: 00:18:21

HP:   -5/31 (34)    AC: 12    Str:  9    XL:     4   Next: 63%
Gold: 110           EV:  4    Int: 17    God:    Ru [*****.] SH:  0 Dex: 13

rFire    + + .     SeeInvis .   c - +0 whip
rCold    x . .     Faith    .   (no shield)
rNeg     . . .     Spirit   .   f - +0 chain mail
rPois    ∞         Reflect  .   (no helmet)
rElec    .         Harm     .   (no cloak)
rCorr    .         Rampage  .   (no gloves)
Will     .....                  (boots unavailable)
Stlth    ..........             (no amulet)
HPRegen  0.10/turn              e - +4 ring of protection
MPRegen  0.00/turn              (no ring)

@: exhausted, flying, drained
A: sickness immunity, fire resistance 2, no potion heal 1, cold vulnerability 1,
hated by all, inexperienced 1, float, innate caster, hp casting, extra vitality
1
a: Renounce Religion, Draw Out Power, Power Leap, Apocalypse


You were on level 4 of the Dungeon.
You worshipped Ru.
Ru was extremely pleased with you.
You visited 1 branch of the dungeon, and saw 4 of its levels.

You collected 110 gold pieces.

Inventory:

Hand Weapons
 c - a +0 whip (weapon)
   (You took it off a kobold on level 1 of the Dungeon)
Armour
 a - a +0 robe
 f - a +0 chain mail (worn)
   (You found it on level 1 of the Dungeon)
 j - the -5 helmet of Gajodit {rElec rF+ rN+ Int-3}
   (You took it off Robin on level 2 of the Dungeon)

   Int:       It affects your intelligence (-3).
   rF:        It protects you from fire.
   rElec:     It insulates you from electricity.
   rN:        It protects you from negative energy.
Jewellery
 e - a +4 ring of protection (left hand)
   (You found it on level 1 of the Dungeon)
Scrolls
 g - a scroll of immolation {unknown}
 h - a scroll of summoning {unknown}
Potions
 b - a potion of berserk rage {unknown}
 d - a potion of might {unknown}
 i - a potion of flight
 k - 2 potions of heal wounds {@q2}
 l - a potion of mutation {unknown}
 m - a potion of magic
 n - 2 potions of curing {@q1}
 o - 2 potions of lignification {unknown}
 p - a potion of attraction {unknown}


   Skills:
 + Level 2.9 Fighting
 + Level 2.0 Maces & Flails
 + Level 4.1 Dodging
 - Level 1.5 Stealth
 + Level 3.3 Spellcasting


You couldn't memorise any spells.
You knew the following spells:

 Your Spells              Type           Power      Damage    Failure   Level
a - Shock                 Conj/Air       56%        1d6       99%         1
b - Static Discharge      Conj/Air       14%        N/A       100%        2
c - Airstrike             Air            7%         N/A       100%        4
d - Sandblast             Erth           28%        2d8       99%         1
e - Ensorcelled Hibernat  Hex/Ice        28%        N/A       100%        2
s - Swiftness             Air            14%        N/A       100%        3
Your spell library was empty.


Dungeon Overview and Level Annotations

Branches:
Dungeon (4/15)
 Temple: D:4-7

Altars:
Ru

Annotations:
D:4 Menkaure


Innate Abilities, Weirdness & Mutations

You are immune to sickness and miasma.
You are immune to poison.
Your flesh is very heat resistant. (rF++)
Potions are less effective at restoring your health.
You are vulnerable to cold. (rC-)
You are hated by all.
You are somewhat inexperienced. (-2 XL)
You float through the air rather than walking.
You learn spells naturally, not from books.
Your magical power is your life essence.
You have superior vitality. (+4 HP)


Message History

The hobgoblin hits you but does no damage.
The orc hits you with a +0 war axe.
You hit the hobgoblin. The hobgoblin barely misses you.
The orc hits you with a +0 war axe!
You focus your inner power and blind the orc in retribution!
Menkaure calls on the powers of darkness!
The orc convulses!
Your body is wracked with pain!
* * * LOW HITPOINT WARNING * * *
You reach down and open the door.
The hobgoblin hits you but does no damage.
The orc hits you but does no damage.
There is an open door here.
You hit the hobgoblin.
You kill the hobgoblin!
You barely miss the orc. The orc hits you with a +0 war axe.
* * * LOW HITPOINT WARNING * * *
You focus your inner power and blind the orc in retribution!
You hit the orc.
You kill the orc!
Menkaure's bandages flutter.
Menkaure casts a spell.
Menkaure seems to speed up.
Menkaure calls on the powers of darkness!
Your body is wracked with pain!
* * * LOW HITPOINT WARNING * * *
There is an open door here.
Ru believes you are ready to make a new sacrifice.
Ru asks you to sacrifice your experiences.
This is an incredible sacrifice.
Piety after sacrifice: *****.
Do you really want to make this sacrifice?
You feel less experienced.
You are now level 5!
You are now level 4!
You can now heal your body and restore your magic.
You can now gather your power into a mighty leap.
You can now wreak a terrible wrath on your foes.
Okay, then.
You are restored by drawing out deep reserves of power within.
You feel drained.
You're too exhausted to unleash your apocalyptic power.
Menkaure points at you and mumbles some strange words.
Pain shoots through your body!
Menkaure calls on the powers of darkness!
Your body is wracked with pain!
* * * LOW HITPOINT WARNING * * *
Menkaure calls on the powers of darkness!
Your body is wracked with pain!
* * * LOW HITPOINT WARNING * * *
Menkaure casts a spell at you. Pain shoots through your body!
You die...

######....#..#.........
..........#..#.........
..........#'##.........
.................####+
.................#
.................#
............)....####
......########+#....#
......# .......'@...#
......# .......#....#
......# .......#....#..#
......# .#######....#..#
......# #:...#M...#..#
......#####....#....#..#
.W....#..##....#....#M.##
.<†...#........#....#...#
......#........#....#...+


You could see Menkaure (fast).

Vanquished Creatures
  A phantom (D:4)
  A jelly (D:3)
  Robin (D:2)
  2 gnolls
  8 adders
  2 dart slugs (D:1)
  5 orcs
  10 ball pythons
  5 bats
  10 endoplasms
  8 goblins
  11 hobgoblins
  12 jackals
  8 kobolds
  5 quokkas
  2 frilled lizards
  7 rats
98 creatures vanquished.

Vanquished Creatures (others)
  An endoplasm (D:4)
  A goblin (D:2)
  A kobold (D:3)
3 creatures vanquished.

Grand Total: 101 creatures vanquished

Notes
Turn   | Place    | Note
-------+----------+-------------------------------------------
     0 | D:1      | Brandom the Djinni Air Elementalist began the quest for the
                  | Orb.
     0 | D:1      | Reached XP level 1. HP: 15/15 MP: 0/0
   209 | D:1      | Found a faded altar of an unknown god.
   217 | D:1      | Became a worshipper of Ru the Awakened
   221 | D:1      | Gained mutation: You are hated by all. [Ru sacrifice]
   221 | D:1      | Reached * piety under Ru
   221 | D:1      | Reached ** piety under Ru
   250 | D:1      | Reached XP level 2. HP: 15/22 MP: 0/0
   701 | D:1      | Reached skill level 1 in Fighting
   960 | D:1      | Reached XP level 3. HP: 27/27 MP: 0/0
   960 | D:1      | Learned a level 1 spell: Sandblast
  2172 | D:2      | Reached skill level 3 in Dodging
  2271 | D:2      | Reached XP level 4. HP: 32/32 MP: 0/0
  2682 | D:2      | Reached skill level 1 in Maces & Flails
  3571 | D:2      | Gained mutation: Potions are less effective at restoring
                  | your health. [Ru sacrifice]
  3628 | D:2      | Identified the -5 helmet of Gajodit {rElec rF+ rN+ Int-3}
  3628 | D:2      | Noticed Robin
  3649 | D:2      | Reached XP level 5. HP: 32/38 MP: 0/0
  3649 | D:2      | Learned a level 2 spell: Ensorcelled Hibernation
  3686 | D:2      | Killed Robin
  6536 | D:4      | Noticed a phantom
  6598 | D:4      | Reached XP level 6. HP: 33/45 MP: 0/0
  6610 | D:3      | HP: 2/45 [acid (6)]
  7699 | D:4      | Reached skill level 4 in Dodging
  7974 | D:4      | Noticed Menkaure
  8017 | D:4      | Gained mutation: You are somewhat inexperienced. (-2 XL)
                  | [Ru sacrifice]
  8017 | D:4      | Reached XP level 5. HP: 8/40 MP: 0/0
  8017 | D:4      | Reached XP level 4. HP: 8/34 MP: 0/0
  8017 | D:4      | Reached *** piety under Ru
  8017 | D:4      | Reached **** piety under Ru
  8017 | D:4      | Reached ***** piety under Ru
  8029 | D:4      | Killed from afar by Menkaure

Illustrated notes

Levels and vault maps discovered:
D:1:      lemuel_arrival_rhombus, layout_basic,
          hellmonk_ecumenical_altar_dog_temple
D:2:      layout_basic, uniq_robin
D:3:      layout_basic
D:4:      layout_gridville, uniq_menkaure

Skill      XL: |  1  2  3  4  5  6 |
---------------+-------------------+-----
Fighting       | 1 2 |  2.9
Dodging        | 3 4 |  4.1
Maces & Flails | 1 2 |  2.0
Spellcasting   | 3 |  3.3
Stealth        | |  1.5

Action                   |  1- 3 |  4- 6 || total
-------------------------+-------+-------++-------
Melee: Whip              |   101 |   588 ||   689
 Cast: Shock             |    25 |       ||    25
       Static Discharge  |     1 |       ||     1
Invok: Sacrifice Love    |     1 |       ||     1
       Draw Out Power    |       |     1 ||     1
       Sacrifice Purity  |       |     1 ||     1
       Sacrifice Experie |       |     1 ||     1
  Use: Scroll            |       |     4 ||     4
 Stab: Sleeping          |     1 |       ||     1
       Distracted        |       |     3 ||     3
       Invisible         |       |     1 ||     1
Armor: Robe              |    14 |       ||    14
       Chain mail        |    28 |   461 ||   489
Dodge: Dodged            |    63 |   104 ||   167
